 Dungeon Crawl Stone Soup version 0.30-a0-743-gbfdf073 (webtiles) character file.

Game seed: 9788755499014612354

1834 malesh the Shooter (level 9, -7/68 HPs)
             Began as a Barachi Hexslinger on Feb 6, 2023.
             Succumbed to their own poison gas
             ... on level 4 of the Dungeon.
             The game lasted 00:21:51 (5300 turns).

malesh the Shooter (Barachi Hexslinger)             Turns: 5300, Time: 00:21:51

Health: -7/68      AC:  7    Str: 12    XL:     9   Next: 11%
Magic:  14/17      EV: 14    Int: 18    God:
Gold:   308        SH:  0    Dex: 18    Spells: 7/18 levels left

rFire   + . .      SeeInvis .    a - +2 sling
rCold   x . .      Faith    .    (no shield)
rNeg    . . .      Spirit   .    c - +0 robe
rPois   .          Reflect  .    (no helmet)
rElec   .          Harm     .    f - +2 cloak
rCorr   .          Rampage  .    (no gloves)
Will    .....                    s - +1 pair of boots
Stlth   +                        (no amulet)
HPRegen 0.31/turn                e - +6 ring of dexterity
MPRegen 0.15/turn                i - ring of fire

@: lethally poisoned (-7 -> -58), lit by a corona, unable to hop, attractive,
glowing, slow
A: amphibious, slowness 1, strong legs 1, +LOS
a: Hop


You were on level 4 of the Dungeon.
You visited 1 branch of the dungeon, and saw 6 of its levels.

You collected 308 gold pieces.

Inventory:

Hand Weapons
 a - a +2 sling (weapon)
Armour
 c - a +0 robe (worn)
 f - a +2 cloak (worn)
 r - a scarf of resistance
 s - a +1 pair of boots (worn)
Jewellery
 e - a +6 ring of dexterity (left hand)
 i - a ring of fire (right hand)
 t - an amulet of guardian spirit
Wands
 h - a wand of mindburst (4)
Scrolls
 d - 2 scrolls of fog {unknown}
 l - 3 scrolls of teleportation
 p - a scroll of immolation
 u - a scroll of butterflies
Potions
 b - a potion of curing {unknown}
 g - 2 potions of attraction
 j - a potion of heal wounds {unknown}
 k - a potion of resistance {unknown}
 m - 4 potions of flight
 n - 3 potions of haste
 q - 2 potions of cancellation {unknown}
 v - a potion of mutation {unknown}


   Skills:
 + Level 5.0 Fighting
 * Level 6.9 Ranged Weapons
 + Level 4.8 Dodging
 + Level 5.3 Spellcasting
 * Level 6.1 Hexes
 - Level 1.0 Translocations
 - Level 1.0 Fire Magic


You had 7 spell levels left.
You knew the following spells:

 Your Spells              Type           Power      Damage    Failure   Level
a - Slow                  Hex            100%       N/A       1%          1
b - Inner Flame           Hex/Fire       26%        N/A       9%          3
c - Portal Projectile     Hex/Tloc       34%        N/A       9%          3
d - Cause Fear            Hex            13%        N/A       10%         4

Your spell library contained the following spells:

 Spells                   Type           Power      Damage    Failure   Level


Dungeon Overview and Level Annotations

Branches:
Dungeon (6/15)
 Temple: D:4-7

Altars:
Dithmenos
Fedhas
Kikubaaqudgha
Makhleb
Qazlal
The Shining One

Shops:
D:1 (   D:4 :

Annotations:
D:2 1 runed translucent door, Crazy Yiuf
D:4 Dowan


Innate Abilities, Weirdness & Mutations

You are amphibious.
You cover ground slowly.
You can hop short distances.
You have an extended range of vision and can be seen from far away.


Message History

You shoot a sling bullet. The sling bullet hits Duvessa.
Flame seeps out of Duvessa.
Duvessa is heavily wounded.
Dowan gestures wildly while chanting.
Dowan blinks!
Duvessa is engulfed in poison gas.
Duvessa looks even sicker.
Flame seeps out of Duvessa.
Duvessa hits you but does no damage.
Fire: a) +2 sling
Press: ? - help, Shift-Dir - straight line, f/p - Duvessa
Aim: Duvessa, wielding a +0 rapier and wearing a +0 leather armour (poison gas, severely wounded, inner flame, very poisoned, 69% to hit)
You shoot a sling bullet. The sling bullet hits Duvessa.
Flame seeps out of Duvessa.
Duvessa is severely wounded.
Flame seeps out of Duvessa.
Duvessa is engulfed in poison gas.
Duvessa looks as sick as possible!
Dowan's eyes darken. "You have made a black mistake."
Dowan seems to find hidden reserves of power!
Duvessa explodes!
The fiery explosion engulfs you!! You resist.
Dowan is engulfed in poison gas.
Dowan is poisoned.
Your Fighting skill increases to level 5!
Really walk into that cloud of poison gas?
You are engulfed in poison gas.
You are poisoned.
You feel very sick.
Dowan is engulfed in poison gas.
Dowan looks even sicker.
Dowan is engulfed in poison gas.
Dowan looks even sicker.
You are engulfed in poison gas.
You are lethally poisoned!
You feel extremely sick.
Okay, then.
Hop to where?
Press: ? - help, Dir - move target Boing!
You are engulfed in poison gas.
You are more poisoned.
* * * LOW HITPOINT WARNING * * *
x2 You feel extremely sick.
It was a potion of attraction.
You feel attractive to monsters.
You are engulfed in poison gas.
You are more poisoned.
* * * LOW HITPOINT WARNING * * *
You die...

.......................##
#######..######......[))
#⌠8⌠#.## #......###
+...#.# #......# #
#...#.# ######## +...#.#
#...#.# #.#####§##°#
#.○§☼°○§§☼@# #.##########


There were no monsters in sight!

Vanquished Creatures
  Sigmund (D:2)
  2 water moccasins (D:6)
  Duvessa (D:4)
  2 black bears
  5 ogres
  A phantom (D:4)
  A scorpion (D:6)
  A necrophage (D:4)
  An orc priest (D:4)
  4 hounds (D:5)
  3 iguanas
  Natasha (thrice) (D:2)
  2 orc wizards
  4 gnolls (D:4)
  8 adders
  An ufetubus (D:5)
  3 worms
  3 dart slugs
  12 orcs
  5 ball pythons
  A bat zombie (D:3)
  7 endoplasms
  3 giant cockroaches
  4 goblins
  7 hobgoblins
  7 jackals
  5 quokkas
  4 bats
  A frilled lizard (D:3)
  2 kobolds
  4 rats
  A rat zombie (D:3)
109 creatures vanquished.

Notes
Turn   | Place    | Note
-------+----------+-------------------------------------------
     0 | D:1      | malesh the Barachi Hexslinger began the quest for the Orb.
     0 | D:1      | Reached XP level 1. HP: 15/15 MP: 2/2
   321 | D:1      | Found Guti's Weapon Emporium.
   396 | D:1      | Reached XP level 2. HP: 19/21 MP: 3/3
   879 | D:2      | Reached XP level 3. HP: 7/26 MP: 2/4
   889 | D:1      | Learned a level 3 spell: Inner Flame
  1104 | D:2      | Noticed Sigmund
  1117 | D:2      | Noticed Natasha
  1123 | D:2      | Killed Sigmund
  1124 | D:2      | Reached XP level 4. HP: 15/34 MP: 2/6
  1124 | D:2      | Reached XP level 5. HP: 17/39 MP: 2/7
  1295 | D:1      | Learned a level 3 spell: Portal Projectile
  1400 | D:2      | Killed Natasha
  1401 | D:2      | Reached XP level 6. HP: 39/46 MP: 7/9
  1618 | D:2      | Noticed Natasha
  1629 | D:2      | Killed Natasha
  1697 | D:2      | Found a runed translucent door.
  1698 | D:2      | Noticed Crazy Yiuf
  1750 | D:2      | Noticed Natasha
  1756 | D:2      | Killed Natasha
  2174 | D:3      | Found a stormy altar of Qazlal.
  2733 | D:3      | Found an ancient bone altar of Kikubaaqudgha.
  3053 | D:4      | Found a shadowy altar of Dithmenos.
  3108 | D:4      | Found a blossoming altar of Fedhas.
  3218 | D:4      | Reached XP level 7. HP: 52/52 MP: 4/11
  3226 | D:4      | Reached skill level 1 in Translocations
  3226 | D:4      | Reached skill level 1 in Fire Magic
  3316 | D:4      | You fall into a shaft and drop 2 floors!
  3325 | D:6      | Learned a level 4 spell: Cause Fear
  3341 | D:6      | Reached skill level 5 in Ranged Weapons
  3376 | D:6      | Reached skill level 5 in Hexes
  3493 | D:6      | Reached XP level 8. HP: 60/60 MP: 11/13
  3635 | D:5      | Entered Level 5 of the Dungeon
  4192 | D:4      | Found Estreej's Book Shoppe.
  4338 | D:5      | Reached skill level 5 in Spellcasting
  4530 | D:5      | Found a burning altar of Makhleb.
  4559 | D:5      | Found a glowing golden altar of the Shining One.
  5064 | D:4      | Reached XP level 9. HP: 67/67 MP: 6/16
  5290 | D:4      | Noticed Duvessa
  5290 | D:4      | Noticed Dowan
  5296 | D:4      | Killed Duvessa
  5297 | D:4      | Reached skill level 5 in Fighting
  5300 | D:4      | Succumbed to their own poison gas

Illustrated notes

Levels and vault maps discovered:
D:1:      lemuel_arrival_tunnels, layout_loops_ring, serial_shops,
          nicolae_shop_bloodbath_and_beyond
D:2:      layout_rooms, uniq_sigmund, uniq_crazy_yiuf_cottage, uniq_natasha
D:3:      layout_basic, mainiacjoe_overflow_24_doors,
          lemuel_zombie_altar_kikubaaqudgha, minmay_misc_feat_more_columns
D:4:      dreamdust_elfheim, layout_basic, fedhas_altar_fruit_tree,
          mainiacjoe_overflow_alcove_1, minmay_temple_entry_offerings,
          serial_shops, nicolae_stop_n_shop_2, uniq_duvessa
D:5:      layout_basic, okawaru_altar_gauntlet_db, kennysheep_little_box,
          mainiacjoe_overflow_six_doors_small, chequers_serial_rivers_micro_d
D:6:      layout_basic, kennysheep_generic_room_2

Skill      XL: |  1  2  3  4  5  6  7  8  9 |
---------------+----------------------------+-----
Fighting       | 2 3 4 5 |  5.0
Ranged Weapons | 4 5 6 |  6.9
Hexes          | 4 5 6 |  6.1
Spellcasting   | 2 3 5 |  5.3
Dodging        | 3 4 |  4.8
Translocations | 1 |  1.0
Fire Magic     | 1 |  1.0

Action                     |  1- 3 |  4- 6 |  7- 9 || total
---------------------------+-------+-------+-------++-------
   Fire: Sling             |    56 |   158 |   195 ||   409
   Cast: Slow              |     7 |    15 |    22 ||    44
         Inner Flame       |       |     2 |    23 ||    25
         Portal Projectile |       |       |     1 ||     1
Ability: Hop               |       |     1 |     3 ||     4
    Use: Scroll            |     1 |    10 |     8 ||    19
         Potion            |       |       |     1 ||     1
 Armour: Robe              |     3 |    26 |    30 ||    59
  Dodge: Dodged            |    13 |    54 |   100 ||   167

Table legend: (Time is in decaauts)
 A = Elapsed time spent in this place.
 B = Non-inter-level travel time spent in this place.
 C = Inter-level travel time spent in this place.
 D = Time resting spent in this place.
 E = Time spent auto-exploring this place.
 F = Levels seen in this place.
 G = Mean time per level.
                   A        B        C        D        E       F      G
               +--------+--------+--------+--------+--------+-----+--------+
         Total |   6018 |   5708 |    310 |    992 |   3747 |   6 | 1003.0 |
       Dungeon |   6018 |   5708 |    310 |    992 |   3747 |   6 | 1003.0 |
               +--------+--------+--------+--------+--------+-----+--------+

Top non-repeatable levels by time:
     D:1: 1356 daAuts
     D:3: 1170 daAuts
     D:5: 1169 daAuts
     D:2: 892 daAuts
     D:6: 718 daAuts
     D:4: 711 daAuts
